 Dungeon Crawl Stone Soup version 0.19-a0-1815-g4007336 (webtiles) character file.

136 Amnesiac the Chucker (level 5, -1/54 HPs)
             Began as an Ogre Hunter on Oct 5, 2016.
             Slain by an orc wizard
             ... wielding a +0 dagger
              (4 damage)
             ... on level 3 of the Dungeon.
             The game lasted 00:02:42 (1599 turns).

Amnesiac the Chucker (Ogre Hunter)                  Turns: 1599, Time: 00:02:43

Health: -1/54      AC:  5    Str: 15    XL:     5   Next: 19%
Magic:  5/5        EV: 10    Int: 10    God:
Gold:   0          SH:  0    Dex: 11    Spells: 0 memorised, 4 levels left

rFire  . . .     SeeInvis .     a - +0 short sword
rCold  . . .     Gourm    .     b - +0 robe
rNeg   . . .     Faith    .     (no shield)
rPois  .         Spirit   .     (helmet restricted)
rElec  .         Dismiss  .     g - +1 cloak
rCorr  .         Reflect  .     (gloves unavailable)
MR     .....     Harm     .     (boots unavailable)
Stlth  +.........               (no amulet)
                                (no ring)
                                l - -2 ring of strength (curse)

@: no status effects
A: unfitting armour, tough skin 1
a: no special abilities


You were on level 3 of the Dungeon.
You were hungry.

You visited 1 branch of the dungeon, and saw 4 of its levels.

Inventory:

Hand Weapons
 a - a +0 short sword (weapon)
 k - a +0 war axe
Missiles
 d - a throwing net (quivered)
Armour
 b - a +0 robe (worn)
 g - a +1 cloak (worn)
Jewellery
 l - a cursed -2 ring of strength (left hand)
Scrolls
 h - 2 scrolls of enchant weapon {unknown}
 j - a scroll of teleportation
Comestibles
 f - 2 bread rations


   Skills:
 + Level 4.2 Fighting
 * Level 5.7 Throwing
 - Level 1.7 Dodging
 - Level 0.6 Stealth


You had 4 spell levels left.
You didn't know any spells.

Dungeon Overview and Level Annotations

Branches:
Dungeon (4/15)
 Temple: D:4-7

Altars:
Hepliaklqana


Innate Abilities, Weirdness & Mutations

You are too large for most types of armour.
You have tough skin. (AC +1)


Message History

The orc wizard casts a spell at you. The puff of flame hits you!
The orc wizard hits you but does no damage.
You hit the orc wizard but do no damage.
The orc wizard is almost dead.
The orc wizard hits you with a dagger.
The orc wizard mumbles some strange words.
The orc wizard flickers and vanishes!
You barely miss something. Something hits you.
You barely miss something. Something hits you.
* * * LOW HITPOINT WARNING * * *
You hear some strange, mumbled words.
A puff of frost appears from out of thin air!
The puff of frost hits you!
* * * LOW HITPOINT WARNING * * *
You closely miss something. Something hits you.
* * * LOW HITPOINT WARNING * * *
Something hits you but does no damage.
You closely miss something. Something hits you.
You die...

#. #. ###.
# ...##.#
...#. ... #
#.# #.#@#
#.#{#######
#........[.
#.#..######
#.##.# #
#.# #....#
######


There were no monsters in sight!

Vanquished Creatures
  A scorpion (D:3)
  A worker ant (D:4)
  2 adders
  2 oozes
  A leopard gecko (D:2)
  9 orcs (D:4)
  2 bats
  A giant cockroach (D:3)
  3 goblins
  3 hobgoblins
  A frilled lizard (D:4)
  2 rats (D:3)
28 creatures vanquished.

Notes
Turn   | Place    | Note
-------+----------+-------------------------------------------
     0 | D:1      | Amnesiac the Ogre Hunter began the quest for the Orb.
     0 | D:1      | Reached XP level 1. HP: 22/22 MP: 1/1
   114 | D:1      | Reached XP level 2. HP: 22/31 MP: 2/2
   249 | D:2      | Reached XP level 3. HP: 13/37 MP: 3/3
   560 | D:2      | Found a hazy altar of Hepliaklqana.
   727 | D:3      | Noticed a scorpion
   794 | D:3      | HP: 1/37 [poisoned by an adder]
   800 | D:3      | HP: 1/37 [poisoned by an adder]
  1115 | D:3      | Killed a scorpion
  1115 | D:3      | Reached skill level 5 in Throwing
  1115 | D:3      | Reached XP level 4. HP: 48/48 MP: 4/4
  1154 | D:4      | Reached XP level 5. HP: 40/54 MP: 5/5
  1599 | D:3      | Slain by an orc wizard

Vault maps used:
D:1:      evilmike_arrival_hilbert_curve, minmay_crystal_water,
          serial_bayou_ford_a, serial_park_tiny_1, serial_bayou_pond_b,
          minmay_stone_trees_small, kennysheep_minor_cross
D:2:      lemuel_round_altar, corexii_corridor_pit
D:3:      fedhas_altar_2
D:4:      lemuel_round_altar, gammafunk_temple_overflow_claw, serial_shops,
          nicolae_shop_temple_entry_statues_fountains, portal_sewer_entry_e,
          minivault_19, grunt_dithmenos_smoke_and_mirrors

Skill      XL: |  1  2  3  4 |
---------------+-------------+-----
Fighting       | 3 4 |  4.2
Throwing       | 5 |  5.7
Dodging        | |  1.7
Stealth        | |  0.6

Action                   |  1- 3 |  4- 6 || total
-------------------------+-------+-------++-------
Melee: Short sword       |    91 |    77 ||   168
Throw: Large rock        |     2 |     6 ||     8
       Throwing net      |       |     1 ||     1
  Use: Potion            |     1 |       ||     1
       Scroll            |       |     3 ||     3
  Eat: Chunk             |       |     2 ||     2
Armor: Robe              |    22 |    14 ||    36
Dodge: Dodged            |    69 |    26 ||    95
